Map: Cerulean Fall LE

Players

Whiteshadow - Winner!

  • Race: Protoss Protoss
  • League: Master
  • Spawn Location: 7:00

Flood

  • Race: Zerg Zerg
  • Spawn Location: 1:00

VOD

https://www.youtube.com/watch?v=pXZD1N8aXc4&

Description

2Base Phoenix Chargelot Timing PvZ

Time

  • Played on: Jan. 15, 2019, 8:32 p.m.
  • Length: 7:43
Show
View Real Time Build Order
Export as new Build Order

Whiteshadow Protoss - Winner!

Build Orders: 1 Gate Expand, Phoenix Opening 

Get SALT Encoding   

  12  0:00  Probe  
  13  0:12  Probe  
  14  0:19  Pylon  
  14  0:24  Probe  
  15  0:33  Probe  
  15  0:40  Gateway  
  15  0:41  Probe  
  16  0:49  Assimilator  
  17  0:51  Probe  
  18  1:03  Probe  
  19  1:15  Probe  
  20  1:27  Nexus  
  20  1:37  Cybernetics Core  
  20  1:40  Probe  
  20  1:46  Assimilator  
  21  1:55  Pylon  
  21  1:56  Probe  
  22  2:05  Adept  
  22  2:08  Probe  
  25  2:20  Probe  
  25  2:21  Stargate  
  26  2:31  Adept  
  26  2:34  Probe, Warp Gate  
  26  2:37  Probe  
  30  2:45  Probe  
  30  2:46  Probe  
  32  2:55  Probe  
  26  2:58  Probe, Phoenix  
  33  3:01  Adept  
  36  3:07  Probe  
  36  3:11  Probe  
  40  3:19  Probe  
  41  3:24  Gateway  
  41  3:27  Pylon, Phoenix  
  43  3:35  Probe x2  
  43  3:47  Probe x2  
  45  3:50  Twilight Council  
  45  3:51  Gateway  
  45  3:54  Phoenix  
  47  3:58  Charge  
  47  3:59  Assimilator  
  47  4:01  Probe  
  48  4:08  Pylon  
  48  4:09  Probe  
  49  4:18  Phoenix  
  49  4:23  Pylon  
  52  4:37  Gateway  
  52  4:38  Gateway  
  51  4:40  Gateway  
  51  4:41  Zealot x2  
  55  4:47  Phoenix  
  55  4:48  Zealot  
  59  4:57  Gateway  
  59  5:02  Zealot x2  
  63  5:10  Zealot  
  63  5:13  Phoenix  
  67  5:19  Pylon  
  67  5:21  Pylon  
  67  5:24  Zealot  
  67  5:28  Pylon  
  69  5:35  Pylon  
  69  5:38  Zealot x3  
  69  5:40  Zealot  
  77  5:55  Zealot x3  
  83  6:00  Zealot x2  
  83  6:01  Zealot  
  89  6:10  Zealot  
  91  6:17  Zealot x3  
  97  6:19  Pylon  
  97  6:29  Zealot x3  
  99  6:49  Zealot x5  
  107  6:58  Zealot x2  
  105  7:05  Probe  
  104  7:11  Zealot  
  104  7:12  Zealot  
  106  7:17  Nexus  
  106  7:22  Zealot x3  
  108  7:36  Templar Archives  
Show
View Real Time Build Order
Export as new Build Order

Flood Zerg 

Build Orders: Hatch First 

Get SALT Encoding   

  12  0:00  Drone  
  13  0:12  Overlord  
  13  0:17  Drone  
  14  0:31  Drone x2  
  16  0:48  Hatchery  
  15  0:53  Drone  
  15  0:56  Drone  
  17  0:58  Drone  
  18  1:10  Extractor  
  17  1:14  Spawning Pool  
  17  1:17  Drone  
  17  1:21  Drone  
  18  1:28  Drone  
  19  1:40  Overlord  
  19  1:50  Drone  
  20  2:00  Queen x2  
  24  2:01  Drone  
  24  2:02  Zergling x2  
  26  2:10  Metabolic Boost  
  26  2:12  Drone  
  28  2:15  Drone  
  28  2:24  Drone x2  
  30  2:36  Hatchery  
  29  2:46  Queen  
  29  2:47  Zergling x2  
  29  2:49  Zergling x2  
  32  2:52  Overlord  
  32  2:59  Drone x3  
  35  3:08  Drone  
  35  3:10  Queen  
  38  3:17  Drone x2  
  38  3:18  Drone x2  
  42  3:23  Overlord  
  42  3:30  Overlord  
  42  3:33  Drone x2  
  44  3:38  Spore Crawler  
  44  3:40  Drone  
  43  3:44  Spore Crawler  
  43  3:46  Overlord  
  43  3:48  Queen  
  42  3:51  Drone x2  
  46  4:00  Drone x5  
  51  4:09  Lair  
  51  4:12  Drone x2  
  51  4:13  Drone, Extractor  
  51  4:15  Extractor  
  51  4:16  Drone x2  
  53  4:26  Roach Warren  
  53  4:30  Spore Crawler  
  51  4:36  Evolution Chamber  
  51  4:38  Overlord  
  51  4:40  Drone  
  51  4:41  Drone x6  
  51  4:42  Spore Crawler  
  57  4:47  Overlord  
  57  4:51  Overlord  
  57  4:58  Zergling x2  
  58  5:02  Overlord x2  
  58  5:03  Zerg Melee Weapons Level 1  
  58  5:08  Queen x2  
  58  5:10  Overlord  
  58  5:13  Drone x2  
  64  5:15  Spore Crawler  
  64  5:17  Overlord  
  63  5:22  Drone x4  
  67  5:29  Drone x5  
  67  5:33  Baneling Nest  
  71  5:42  Overlord  
  71  5:43  Queen  
  71  5:47  Zergling x10  
  71  5:49  Roach Warren  
  75  5:53  Overlord  
  75  5:54  Zergling x4  
  77  6:00  Zergling x2  
  77  6:01  Zergling x10  
  83  6:11  Spine Crawler  
  83  6:12  Drone x2  
  83  6:13  Spine Crawler  
  83  6:14  Spine Crawler  
  81  6:18  Overlord  
  81  6:25  Zergling x18  
  90  6:32  Evolution Chamber  
  86  6:36  Zergling x12  
  72  6:54  Zergling x14  
  68  7:02  Zergling x2  
  68  7:04  Queen  
  68  7:07  Zergling x4  
  63  7:12  Spine Crawler x2  
  63  7:13  Spine Crawler  
  56  7:15  Zergling x4  
  56  7:16  Zergling x2  
  49  7:30  Spine Crawler x2  
Tags
 
Add a new tag
Caveats
  • Supply blocks, unpowered buildings, or Contaminate may cause inaccurate times.
  • Supply counts are checked every 10 seconds.